 Dungeon Crawl Stone Soup version 0.30-a0-279-g4b46babb21 (webtiles) character file.

Game seed: 9707987059552016164

4641 ReploidZero the Skirmisher (level 10, 0/65 HPs)
             Began as a Tengu Hunter on Oct 16, 2022.
             Was an Initiate of Gozag.
             Slain by a spriggan
             ... wielding a +0 trident
              (3 damage)
             ... in a bailey.
             The game lasted 00:19:15 (6971 turns).

ReploidZero the Skirmisher (Tengu Hunter)           Turns: 6971, Time: 00:19:15

Health: 0/65       AC:  5    Str: 11    XL:     10   Next: 43%
Magic:  11/11      EV: 22    Int:  9    God:    Gozag
Gold:   857        SH:  0    Dex: 23    Spells: 9/9 levels left

rFire   . . .      SeeInvis .    r - +1 arbalest
rCold   + . .      Faith    .    (shield currently unavailable)
rNeg    + . .      Spirit   .    c - +1 leather armour
rPois   .          Reflect  .    (helmet restricted)
rElec   .          Harm     .    y - +0 cloak
rCorr   .          Rampage  .    (no gloves)
Will    .....                    (boots unavailable)
Stlth   +++.......               v - amulet of regeneration
HPRegen 1.10/turn                l - ring of positive energy
MPRegen 0.12/turn                t - ring of protection from cold

@: gold aura, flying quickly and evasively, quick
A: beak, talons 3, nimble flight
a: Renounce Religion, Potion Petition, Call Merchant, Bribe Branch


You were in a bailey.
You worshipped Gozag.
Gozag was pleased with you.
You visited 2 branches of the dungeon, and saw 10 of its levels.
You also visited: Bailey.

You collected 977 gold pieces.
You paid 120 gold pieces to Gozag.

Inventory:

Hand Weapons
 o - the +8 arc blade {discharge, rElec}
   (You took it off a spriggan in a bailey)

   It occasionally unleashes powerful arcs of lightning upon striking a foe.
   These may arc to other adjacent creatures (including the wielder, but dealing
   reduced damage to them) before grounding out.
   rElec:     It insulates you from electricity.
 r - a +1 arbalest (weapon)
Missiles
 z - 6 atropa-tipped darts
Armour
 c - a +1 leather armour (worn)
 y - a +0 cloak (worn)
Jewellery
 i - an amulet of guardian spirit
 k - a +6 ring of strength
 l - a ring of positive energy (left hand)
 t - a ring of protection from cold (right hand)
 v - an amulet of regeneration (around neck)
Wands
 n - a wand of paralysis (20)
 A - a wand of digging (7)
 B - a wand of acid (6)
Scrolls
 a - a scroll of silence
 d - 3 scrolls of amnesia
 e - 3 scrolls of enchant armour
 m - 2 scrolls of vulnerability
 x - a scroll of magic mapping
Potions
 b - a potion of haste
 f - 5 potions of curing
 g - 2 potions of attraction
 h - 2 potions of resistance
 j - 2 potions of brilliance
 q - 2 potions of might
 s - 3 potions of invisibility
 u - a potion of lignification


   Skills:
 + Level 8.6 Fighting
 + Level 10.1 Ranged Weapons
 + Level 9.4 Dodging
 - Level 4.6 Stealth


You had 9 spell levels left.
You didn't know any spells.
Your spell library contained the following spells:

 Spells                   Type           Power      Damage    Failure   Level
 Portal Projectile        Hex/Tloc       0%         N/A       85%         3
 Tukima's Dance           Hex            0%         N/A       85%         3
 Summon Ice Beast         Ice/Summ       0%         N/A       99%         4
 Blade Hands              Tmut           0%         N/A       100%        5
 Summon Mana Viper        Hex/Summ       0%         N/A       100%        5
 Monstrous Menagerie      Summ           0%         N/A       100%        7


Dungeon Overview and Level Annotations

Branches:
Dungeon (9/15)             Temple (1/1) D:7          Bailey (1/1)
   Lair: D:8-11         Orc: D:9-12

Altars:
Ashenzari
Cheibriados
Dithmenos
Elyvilon
Fedhas
Gozag
Kikubaaqudgha
Makhleb
Nemelex Xobeh
Okawaru
Qazlal
Ru
Sif Muna
Trog
Vehumet
Wu Jian
Xom
Yredelemnul
Zin
The Shining One

Shops:
D:7 (

Annotations:
D:6 2 transporters, Darkkill's ghost, novice HuHu


Innate Abilities, Weirdness & Mutations

You have a beak for a mouth.
You have claws for feet.
Your magical nature lets you fly swiftly and evasively.


Message History

Something hits you! The two-headed ogre barely misses you.
The two-headed ogre closely misses you. Something hits you but does no damage.
Something hits you. Something barely misses you.
Okay, then.
Fire: r) +1 arbalest
Press: ? - help, Shift-Dir - straight line, p - two-headed ogre Unknown command.
Fire: r) +1 arbalest
Press: ? - help, Shift-Dir - straight line, f/p - two-headed ogre
Aim: a two-headed ogre, wielding two +0 halberds (severely wounded, 80% to hit)
Unknown command.
Okay, then.
Aiming: Paralyse
Press: ? - help, Shift-Dir - straight line, f/p - two-headed ogre
Aim: a two-headed ogre, wielding two +0 halberds (severely wounded, chance to affect: 31%)
The two-headed ogre easily resists.
Something closely misses you.
Aiming: Paralyse
Press: ? - help, Shift-Dir - straight line, f/p - two-headed ogre
Aim: a two-headed ogre, wielding two +0 halberds (severely wounded, chance to affect: 31%)
The two-headed ogre suddenly stops moving!
Something hits you!
* * * LOW HITPOINT WARNING * * *
Fire: r) +1 arbalest
Press: ? - help, Q - select action, (/) - cycle Shift-Dir - straight line, f/p - two-headed ogre
Aim: a two-headed ogre, wielding two +0 halberds (severely wounded, paralysed, 98% to hit)
You shoot a bolt. The bolt hits the two-headed ogre!
The two-headed ogre is almost dead.
Something hits you but does no damage.
Fire: r) +1 arbalest
Press: ? - help, Q - select action, (/) - cycle Shift-Dir - straight line, f/p - two-headed ogre
Aim: a two-headed ogre, wielding two +0 halberds (almost dead, paralysed, 98% to hit)
You shoot a bolt. The bolt hits the two-headed ogre.
You kill the two-headed ogre!
Something hits you!!
* * * LOW HITPOINT WARNING * * *
Something hits you.
You die...
Your body crumbles into a pile of gold.

### ##......
##.##
##..♣##♣#
##...## ##..##
. #.....#
##..♣#
##.....###..#♣
#...∩..~~~..#
#....{.~~~..#
#.....)~)~..♣
#..@.$)~~~..#
#...∩..~~~..#
##.....###..#♣
#.....# ##..##
##...## ##..##
##.##
##..♣#### ###
##......
##..... ######


There were no monsters in sight!

Vanquished Creatures
  A two-headed ogre (Bailey)
  Sigmund (D:3)
  A wyvern (D:8)
  5 yaks (D:8)
  5 spriggans (Bailey)
  An orc warrior (D:7)
  7 ogres
  A centaur (D:6)
  3 phantoms (D:6)
  4 bullfrogs
  3 scorpions
  9 wights
  A howler monkey (D:8)
  A quasit (D:8)
  3 orc priests
  A hound (D:5)
  4 jellies
  4 orc wizards
  4 iguanas
  15 adders
  3 gnolls (D:2)
  A shadow imp (D:8)
  3 white imps
  6 ufetubi
  4 dart slugs
  20 orcs
  13 bats
  6 endoplasms
  10 goblins
  5 hobgoblins
  11 jackals
  4 quokkas
  A ball python (D:1)
  4 frilled lizards
  10 kobolds
  6 rats
181 creatures vanquished.

Vanquished Creatures (collateral kills)
  A steam dragon (D:4)
1 creature vanquished.

Vanquished Creatures (others)
  A demonic plant (D:8)
  18 fungi (D:6)
19 creatures vanquished.

Grand Total: 201 creatures vanquished

Notes
Turn   | Place    | Note
-------+----------+-------------------------------------------
     0 | D:1      | ReploidZero the Tengu Hunter began the quest for the Orb.
     0 | D:1      | Reached XP level 1. HP: 12/12 MP: 2/2
   139 | D:1      | Reached XP level 2. HP: 17/17 MP: 3/3
   396 | D:1      | Reached XP level 3. HP: 22/22 MP: 4/4
   984 | D:2      | You fall into a shaft and drop 1 floor!
  1004 | D:3      | Reached XP level 4. HP: 27/27 MP: 5/5
  1207 | D:2      | Reached skill level 5 in Ranged Weapons
  1447 | D:2      | Gained mutation: Your magical nature lets you fly swiftly
                  | and evasively. [Tengu growth]
  1447 | D:2      | Reached XP level 5. HP: 32/32 MP: 6/6
  1728 | D:3      | Noticed Sigmund
  2086 | D:3      | Killed Sigmund
  2087 | D:3      | Reached XP level 6. HP: 37/37 MP: 7/7
  2836 | D:4      | Noticed a hornet
  2837 | D:4      | a hornet changed into a steam dragon
  2837 | D:4      | Noticed a steam dragon
  2852 | D:4      | Killed a steam dragon
  2853 | D:4      | Reached XP level 7. HP: 7/43 MP: 3/8
  3068 | D:4      | Reached skill level 6 in Ranged Weapons
  3200 | D:5      | Entered Level 5 of the Dungeon
  3350 | D:5      | Reached skill level 5 in Dodging
  3714 | D:5      | Reached XP level 8. HP: 48/48 MP: 9/9
  4349 | D:5      | Identified a scroll of acquirement
  4349 | D:5      | Acquired 328 gold pieces
  4397 | D:6      | Reached skill level 5 in Fighting
  4669 | D:6      | Reached skill level 7 in Ranged Weapons
  4752 | D:6      | Noticed Darkkill's ghost (novice HuHu)
  4828 | D:6      | Found a transporter.
  4831 | D:6      | Found a transporter.
  4915 | D:6      | Found the +7 Singing Sword {vorpal, sonic wave}
  5081 | D:6      | Reached XP level 9. HP: 55/55 MP: 10/10
  5082 | D:6      | Reached skill level 8 in Ranged Weapons
  5240 | D:7      | Found Wuul's Weapon Boutique.
  5304 | D:7      | Found a sacrificial altar of Ru.
  5467 | D:7      | Found a staircase to the Ecumenical Temple.
  5494 | Temple   | Entered the Ecumenical Temple
  5558 | Temple   | Became a worshipper of Gozag Ym Sagoz the Greedy
  6174 | D:8      | Reached skill level 9 in Ranged Weapons
  6193 | D:8      | Reached XP level 10. HP: 58/64 MP: 11/11
  6762 | D:9      | Found a flagged portal.
  6788 | Bailey   | Entered a bailey
  6860 | Bailey   | Reached skill level 10 in Ranged Weapons
  6936 | Bailey   | Noticed a two-headed ogre
  6971 | Bailey   | Killed a two-headed ogre
  6971 | Bailey   | HP: 3/65 [something (19)]
  6971 | Bailey   | Slain by a spriggan

Illustrated notes

Levels and vault maps discovered:
D:1:      dpeg_arrival_round_a, layout_loops_ring
D:2:      layout_basic
D:3:      layout_basic, uniq_sigmund
D:4:      layout_gridville
D:5:      layout_basic, minmay_misc_feat_ornament
D:6:      old_forge, layout_gridville, gammafunk_ghost_hive
D:7:      layout_rooms, nicolae_ru_the_path_less_chosen,
          minmay_temple_entry_tees, serial_shops,
          nicolae_shop_bloodbath_and_beyond
D:8:      layout_loops_corners, serial_demonic, serial_demonic_c,
          serial_demonic_f, serial_demonic_e, serial_demonic_b
D:9:      layout_long_grid, enter_bailey_5
Temple:   nicolae_temple_bog_church
Bailey:   bailey_polearm_enchanted_keep_hellmonk, bailey

Skill      XL: |  1  2  3  4  5  6  7  8  9 10 |
---------------+-------------------------------+-----
Stealth        | 2 3 4 |  4.6
Dodging        | 3 4 5 6 8 9 |  9.4
Ranged Weapons | 5 6 7 9 10 | 10.1
Fighting       | 3 4 6 7 8 |  8.6

Action                   |  1- 3 |  4- 6 |  7- 9 | 10-12 || total
-------------------------+-------+-------+-------+-------++-------
 Fire: Shortbow          |    81 |   110 |    83 |       ||   274
       Arbalest          |       |       |   194 |    72 ||   266
Evoke: Wand              |       |     1 |       |     3 ||     4
  Use: Scroll            |       |     9 |    10 |     4 ||    23
       Potion            |       |       |       |     2 ||     2
Armor: Leather armour    |     4 |    12 |    21 |     9 ||    46
Dodge: Dodged            |    18 |    50 |   142 |    55 ||   265

Table legend: (Time is in decaauts)
 A = Elapsed time spent in this place.
 B = Non-inter-level travel time spent in this place.
 C = Inter-level travel time spent in this place.
 D = Time resting spent in this place.
 E = Time spent auto-exploring this place.
 F = Levels seen in this place.
 G = Mean time per level.
                   A        B        C        D        E       F      G
               +--------+--------+--------+--------+--------+-----+--------+
         Total |   6713 |   6321 |    392 |      0 |   4896 |  11 |  610.3 |
       Dungeon |   6408 |   6021 |    387 |      0 |   4738 |   9 |  712.0 |
        Temple |    111 |    107 |      4 |      0 |     83 |   1 |  111.0 |
        Bailey |    193 |    193 |      0 |      0 |     74 |   1 |  193.0 |
               +--------+--------+--------+--------+--------+-----+--------+

Top non-repeatable levels by time:
     D:3: 1037 daAuts
     D:5: 1025 daAuts
     D:8: 799 daAuts
     D:1: 784 daAuts
     D:6: 735 daAuts
     D:4: 713 daAuts
     D:2: 640 daAuts
     D:7: 596 daAuts
  Bailey: 193 daAuts
  Temple: 111 daAuts
     D:9: 77 daAuts
